 Dungeon Crawl Stone Soup version 0.21-a0-504-g2eda330 (webtiles) character file.

751 sagitran the Chiller (level 7, -2/72 HPs)
             Began as a Barachi Ice Elementalist on Nov 25, 2017.
             Was an Initiate of Cheibriados.
             Killed from afar by an orc wizard (8 damage)
             ... with a magic dart
             ... on level 6 of the Dungeon.
             The game lasted 00:26:54 (4161 turns).

sagitran the Chiller (Barachi Ice Elementalist)     Turns: 4161, Time: 00:26:58

Health: -2/72      AC:  7    Str: 17    XL:     7   Next: 78%
Magic:  2/13       EV: 12    Int: 17    God:    Cheibriados [......]
Gold:   243        SH:  0    Dex: 13    Spells: 1/15 levels left

rFire    + . .     SeeInvis .   x - +1 flail (holy)
rCold    + . .     Gourm    .   (no shield)
rNeg     . . .     Faith    .   y - +0 ring mail
rPois    .         Spirit   .   q - +1 helmet
rElec    .         Reflect  .   (no cloak)
rCorr    .         Harm     .   (no gloves)
MR       .....                  (no boots)
Stlth    ..........             (no amulet)
HPRegen  0.22/turn              p - ring of protection from cold
MPRegen  0.13/turn              u - ring of protection from fire

@: berserking (expiring), very slow
A: +LOS, swims, slowness 1, strong legs 1
a: Hop, Bend Time, Renounce Religion


You were on level 6 of the Dungeon.
You worshipped Cheibriados.
Cheibriados was noncommittal.
You were not hungry.

You visited 1 branch of the dungeon, and saw 8 of its levels.

You collected 243 gold pieces.

Inventory:

Hand Weapons
 f - a +1 whip of venom
 x - a +1 flail of holy wrath (weapon)
Armour
 a - a +0 robe
 e - a +0 scale mail
 h - a +0 leather armour
 q - a +1 helmet (worn)
 w - a +0 hat
 y - a +0 ring mail (worn)
Jewellery
 p - a ring of protection from cold (left hand)
 u - a ring of protection from fire (right hand)
Scrolls
 d - a scroll of identify
 g - a scroll of noise {unknown}
 k - 2 scrolls of enchant armour
 m - a scroll of remove curse
 o - a scroll of amnesia {unknown}
 r - 3 scrolls of teleportation
 t - 3 scrolls of random uselessness {unknown}
 v - a scroll of enchant weapon {unknown}
Potions
 i - 2 potions of brilliance
 s - a potion of flight {unknown}
Books
 b - a book of Frost

   Spells                             Type                      Level
   a - Freeze                         Ice                          1
   b - Throw Frost                    Conjuration/Ice              2
   c - Ozocubu's Armour               Charms/Ice                   3
   d - Throw Icicle                   Conjuration/Ice              4
   e - Summon Ice Beast               Ice/Summoning                4
Comestibles
 c - 2 bread rations
 n - 2 royal jellies


   Skills:
 + Level 1.4 Fighting
 + Level 2.3 Maces & Flails
 + Level 3.2 Armour
 + Level 2.7 Dodging
 + Level 2.2 Stealth
 + Level 4.6 Spellcasting
 + Level 2.1 Conjurations
 + Level 0.2 Charms
 + Level 6.9 Ice Magic
 + Level 1.2 Invocations


You had one spell level left.
You knew the following spells:

 Your Spells              Type           Power        Failure   Level  Hunger
a - Freeze                Ice            ####         1%          1    None
b - Throw Frost           Conj/Ice       ###...       6%          2    ##.....
c - Ozocubu's Armour      Chrm/Ice       ###.....     19%         3    ###....
d - Throw Icicle          Conj/Ice       ###.....     38%         4    ####...
e - Summon Ice Beast      Ice/Summ       ###.....     54%         4    ####...


Dungeon Overview and Level Annotations

Branches:
Dungeon (8/15)               Lair (0/6) D:8
 Temple: D:4-7

Altars:
Cheibriados
Makhleb
Yredelemnul

Annotations:
D:7 Joseph
D:8 Pikel


Innate Abilities, Weirdness & Mutations

Shadows flee at your approach. (+LOS)
You can swim through water.
You cover ground slowly.
You can hop short distances.


Message History

You sock the orc priest!
The orc priest is severely wounded.
The leopard gecko bites you but does no damage.
The orc wizard barely misses you.
The orc priest hits you but does no damage.
The orc hits you but does no damage.
You closely miss the orc priest.
The orc priest is severely wounded.
The leopard gecko bites you but does no damage.
The orc wizard gestures at you while chanting.
The magic dart hits you! The orc priest hits you with a club.
* * * LOW HITPOINT WARNING * * *
You barely miss the orc priest.
The orc priest is severely wounded.
The orc hits you.
* * * LOW HITPOINT WARNING * * *
The leopard gecko bites you but does no damage.
The orc wizard gestures at you while chanting.
The magic dart hits you!
You die...

## .. # ##.#
.##
##...#$...
##.........
#.ol..!....
#.@).......
#...oo.......
#.##.........
.. .....#....
..# ..####
##. .# #..#
##.. ... ...


You could see an orc priest, an orc wizard, an orc and a leopard gecko.

Vanquished Creatures
  Edmund (D:4)
  A water moccasin (D:5)
  An ogre (D:5)
  Blork the orc (D:4)
  A bullfrog zombie (D:5)
  A bullfrog skeleton (D:4)
  4 orc priests
  An orc wizard (D:5)
  3 worker ants (D:4)
  6 adders
  An ooze (D:1)
  A worm (D:2)
  4 dart slugs
  3 leopard geckos
  5 orcs
  2 goblins (D:1)
  4 hobgoblins
  2 quokkas (D:2)
  5 bats
  7 frilled lizards
  9 kobolds
  5 rats
68 creatures vanquished.

Notes
Turn   | Place    | Note
-------+----------+-------------------------------------------
     0 | D:1      | sagitran the Barachi Ice Elementalist began the quest for the Orb.
     0 | D:1      | Reached XP level 1. HP: 13/13 MP: 3/3
    99 | D:1      | Reached skill level 4 in Ice Magic
    99 | D:1      | Reached XP level 2. HP: 14/19 MP: 3/5
   109 | D:1      | Learned a level 2 spell: Throw Frost
   703 | D:2      | Reached XP level 3. HP: 24/24 MP: 0/6
   708 | D:2      | Learned a level 3 spell: Ozocubu's Armour
   781 | D:2      | Reached skill level 5 in Ice Magic
  1018 | D:2      | Reached XP level 4. HP: 18/30 MP: 1/8
  1216 | D:2      | Reached skill level 1 in Armour
  1655 | D:3      | Found a snail-covered altar of Cheibriados.
  1669 | D:3      | Became a worshipper of Cheibriados the Contemplative
  2107 | D:3      | Reached skill level 1 in Maces & Flails
  2107 | D:3      | Reached XP level 5. HP: 36/36 MP: 0/9
  2502 | D:4      | Reached skill level 6 in Ice Magic
  2505 | D:4      | Reached XP level 6. HP: 16/42 MP: 0/11
  2751 | D:4      | Learned a level 4 spell: Throw Icicle
  3035 | D:4      | Noticed Edmund
  3057 | D:4      | Killed Edmund
  3241 | D:4      | Noticed Blork the orc
  3251 | D:4      | Killed Blork the orc
  3251 | D:4      | Reached XP level 7. HP: 26/47 MP: 1/13
  3543 | D:5      | Entered Level 5 of the Dungeon
  3549 | D:5      | Learned a level 4 spell: Summon Ice Beast
  3568 | D:5      | Reached skill level 1 in Fighting
  3767 | D:5      | Reached skill level 1 in Invocations
  4128 | D:5      | Found a burning altar of Makhleb.
  4128 | D:5      | Found a basalt altar of Yredelemnul.
  4128 | D:5      | You fall through a shaft for 3 floors!
  4129 | D:8      | Noticed Pikel
  4132 | D:8      | Found a staircase to the Lair.
  4132 | D:8      | Noticed a hippogriff
  4133 | D:8      | Noticed a death yak
  4133 | D:8      | Noticed a basilisk
  4134 | D:7      | Noticed Joseph
  4161 | D:6      | Killed from afar by an orc wizard

Vault maps used:
D:1:      minmay_arrival_open_corners
D:2:      minmay_octomino_e4
D:3:      lemuel_doored_altar
D:4:      uniq_edmund, uniq_blork_the_orc
D:5:      chequers_temple_overflow_minitemple, first_bread
D:6:      portal_sewer_entry_d
D:7:      minmay_temple_entry_grid, uniq_menkaure, uniq_joseph
D:8:      david_lair_generic, grunt_livestock, serial_bayou_lagoon_a,
          okawaru_humans, uniq_pikel

Skill      XL: |  1  2  3  4  5  6  7 |
---------------+----------------------+-----
Ice Magic      | 4 5 6 |  6.9
Armour         | 1 2 3 |  3.2
Spellcasting   | 3 4 |  4.6
Maces & Flails | 1 2 |  2.3
Stealth        | 2 |  2.2
Fighting       | 1 |  1.4
Conjurations   | 2 |  2.1
Invocations    | 1 |  1.2
Dodging        | |  2.7
Charms         | |  0.2

Action                   |  1- 3 |  4- 6 |  7- 9 || total
-------------------------+-------+-------+-------++-------
Melee: Whip              |    27 |    43 |    16 ||    86
       Flail             |       |     5 |    20 ||    25
 Cast: Freeze            |    21 |    17 |     7 ||    45
       Throw Frost       |    15 |    28 |     9 ||    52
       Ozocubu's Armour  |       |     2 |       ||     2
       Throw Icicle      |       |     2 |       ||     2
Invok: Bend Time         |       |     5 |     5 ||    10
 Abil: Hop               |       |     1 |       ||     1
  Use: Scroll            |       |     5 |     1 ||     6
       Potion            |       |     1 |     2 ||     3
 Stab: Sleeping          |       |     1 |       ||     1
  Eat: Chunk             |     2 |     5 |     1 ||     8
       Bread ration      |       |     2 |       ||     2
Armor: Robe              |     1 |       |       ||     1
       Leather armour    |     8 |     7 |       ||    15
       Ring mail         |       |       |    28 ||    28
Dodge: Dodged            |    26 |    34 |    38 ||    98

Table legend:
 A = Spawn XP
 B = Non-spawn XP
 C = Spawn XP percentage of total XP
 D = Spawn monster count
 E = Non-spawn monster count
 F = Spawn count percentage of total count
 G = Total turns spent on level
                    A         B        C        D         E        F      G
               +---------+---------+-------+---------+---------+-------+---------
         Total |       0 |    1073 |   0.0 |       0 |      68 |   0.0 |  4161
               +---------+---------+-------+---------+---------+-------+---------
           D:1 |       0 |      30 |   0.0 |       0 |      14 |   0.0 |   694
           D:2 |       0 |     113 |   0.0 |       0 |      29 |   0.0 |   958
           D:3 |       0 |      66 |   0.0 |       0 |       6 |   0.0 |   784
           D:4 |       0 |     431 |   0.0 |       0 |       9 |   0.0 |  1107
           D:5 |       0 |     392 |   0.0 |       0 |       9 |   0.0 |   585
           D:6 |       0 |      41 |   0.0 |       0 |       1 |   0.0 |    21
               +---------+---------+-------+---------+---------+-------+---------
